 Dungeon Crawl Stone Soup version 0.30-a0-140-gd1020e658a (webtiles) character file.

Game seed: 3293097864035546664

12675 Monkooky the Carver (level 11, -11/75 HPs)
             Began as a Barachi Wanderer on Sept 24, 2022.
             Was a High Priest of the Shining One.
             Mangled by a sphinx (12 damage)
             ... summoned by Kirke
             ... on level 12 of the Dungeon.
             The game lasted 00:37:26 (13928 turns).

Monkooky the Carver (Barachi Wanderer)             Turns: 13928, Time: 00:37:26

Health: -11/75     AC:  0    Str: 13    XL:     11   Next: 97%
Magic:  15/18      EV: 15    Int: 16    God:    the Shining One [*****.]
Gold:   643        SH:  0    Dex: 13    Spells: 8/20 levels left

rFire   . . .      SeeInvis .    (weapon currently unavailable)
rCold   . . .      Faith    +    (shield currently unavailable)
rNeg    + + .      Spirit   .    (body armour currently unavailable)
rPois   .          Reflect  .    (helmet currently unavailable)
rElec   .          Harm     .    (cloak currently unavailable)
rCorr   .          Rampage  .    (gloves currently unavailable)
Will    .....                    (boots currently unavailable)
Stlth   +.........               x - amulet of faith
HPRegen 0.22/turn                (ring currently unavailable)
MPRegen 0.16/turn                (ring currently unavailable)

@: on fire, pig-form, slowed, glowing
A: fast, no casting, (amphibious), small, (slowness 1), (strong legs 1), +LOS
a: Renounce Religion, Divine Shield, Cleansing Flame, Summon Divine Warrior


You were on level 12 of the Dungeon.
You worshipped the Shining One.
The Shining One was extremely pleased with you.
You were a filthy swine.
You visited 1 branch of the dungeon, and saw 12 of its levels.

You collected 1555 gold pieces.
You spent 912 gold pieces at shops.

Inventory:

Hand Weapons
 a - a +0 dagger
 f - a +1 flail of distortion
 q - a +0 vorpal spear
 w - the +8 long sword of Osuate (melded) {vorpal, *Rage rPois SInv Stlth+}
   (You found it on level 4 of the Dungeon)

   It inflicts extra damage upon your enemies.
   rPois:     It protects you from poison.
   SInv:      It lets you see invisible.
   *Rage:     It berserks you when you make melee attacks (+20% chance).
   Stlth:     It makes you more stealthy.
 I - a +4 scimitar of protection
Missiles
 t - 30 poisoned darts
Armour
 d - a +0 pair of boots (melded)
 e - a +2 cloak (melded)
 A - the +0 helmet of the Unbroken (melded) {Dex+3}
   (You bought it in a shop on level 3 of the Dungeon)

   Dex:       It affects your dexterity (+3).
 E - the +5 leather armour of Wicked Contentment (melded) {rC+ Dex+3}
   (You found it on level 6 of the Dungeon)

   Dex:       It affects your dexterity (+3).
   rC:        It protects you from cold.
 H - +0 steam dragon scales
 K - +0 acid dragon scales
 Q - the +2 buckler of Honour (melded) {Str+7}
   (You bought it in a shop on level 3 of the Dungeon)

   Str:       It affects your strength (+7).
Jewellery
 x - an amulet of faith (around neck)
 F - a ring of wizardry (melded)
 L - a ring of poison resistance (melded)
 O - a ring of fire
Wands
 p - a wand of mindburst (10)
 y - a wand of digging (7)
 C - a wand of charming (6)
 M - a wand of roots (3)
Scrolls
 i - 5 scrolls of vulnerability
 k - 2 scrolls of enchant weapon
 l - a scroll of magic mapping
 o - 2 scrolls of fog
 u - 3 scrolls of immolation
 v - 3 scrolls of enchant armour
 B - 5 scrolls of teleportation
 G - a scroll of summoning
 N - a scroll of acquirement {unknown}
 R - a scroll of identify
Potions
 b - 2 potions of attraction
 c - 7 potions of curing {unknown}
 g - 2 potions of mutation {unknown}
 h - 6 potions of heal wounds
 j - 2 potions of lignification {unknown}
 m - a potion of flight {unknown}
 n - 3 potions of resistance {unknown}
 r - 3 potions of might {unknown}
 s - a potion of ambrosia {unknown}
 z - 2 potions of cancellation {unknown}
 J - 2 potions of brilliance {unknown}
 P - a potion of haste


   Skills:
 - Level 3.2 Fighting
 - Level 12.5 Long Blades
 - Level 1.0 Throwing
 - Level 2.8 Armour
 - Level 2.9 Dodging
 + Level 5.2 Spellcasting
 - Level 4.9 Conjurations
 + Level 4.7 Hexes
 - Level 4.6 Transmutations
 - Level 1.4 Fire Magic
 - Level 4.6 Air Magic
 - Level 4.4 Earth Magic
 - Level 5.0 Poison Magic
 - Level 8.4 Invocations
 - Level 1.1 Evocations


You had 8 spell levels left.
You knew the following spells:

 Your Spells              Type           Power      Damage    Failure   Level
a - Sandblast             Erth           36%        2d10      2%          1
b - Ignite Poison         Fire/Tmut/Pois 16%        N/A       10%         3
c - Mephitic Cloud        Conj/Pois/Air  19%        N/A       6%          3
d - Stone Arrow           Conj/Erth      38%        3d9       6%          3
e - Passwall              Tmut/Erth      15%        N/A       3%          2

Your spell library contained the following spells:

 Spells                   Type           Power      Damage    Failure   Level
 Magic Dart               Conj           76%        1d6       1%          1
 Static Discharge         Conj/Air       38%        2-4/arc   3%          2
 Foxfire                  Conj/Fire      56%        2x1d6     4%          1
 Dazzling Flash           Conj/Hex       38%        N/A       6%          3
 Tukima's Dance           Hex            19%        N/A       6%          3
 Inner Flame              Hex/Fire       13%        N/A       13%         3
 Summon Small Mammal      Summ           16%        N/A       16%         1
 Summon Guardian Golem    Hex/Summ       11%        N/A       17%         3
 Kindle Blastsparks       Fire/Tloc/Air  20%        2d11      21%         3
 Fulminant Prism          Conj/Hex       9%         3d7       21%         4
 Flame Wave               Conj/Fire      14%        2d6       38%         4
 Sticky Flame             Conj/Fire      14%        2d4       38%         4
 Call Canine Familiar     Summ           4%         N/A       41%         3
 Ozocubu's Armour         Ice            4%         N/A       41%         3
 Iskenderun's Mystic Bla  Conj/Tloc      12%        2d5       47%         4
 Yara's Violent Unravell  Hex/Tmut       9%         3d6       52%         5
 Lee's Rapid Deconstruct  Erth           9%         3d8*      54%         5
 Freezing Cloud           Conj/Ice/Air   7%         6-21      73%         5
 Fireball                 Conj/Fire      7%         3d5       75%         5
 Dispel Undead            Necr           4%         3d7       83%         4
 Passage of Golubria      Tloc           4%         N/A       83%         4
 Metabolic Englaciation   Hex/Ice        5%         N/A       85%         5
 Starburst                Conj/Fire      7%         6d4       99%         6
 Simulacrum               Ice/Necr       2%         N/A       100%        6
 Ignition                 Fire           4%         3d4       100%        8


Dungeon Overview and Level Annotations

Branches:
Dungeon (12/15)            Temple (0/1) D:6            Lair (0/5) D:9
    Orc (0/2) D:11

Altars:
Ashenzari
Dithmenos
Fedhas
Gozag
Hepliaklqana
Makhleb
Nemelex Xobeh
Okawaru
Qazlal
Sif Muna
Trog
Uskayaw
Vehumet
Xom
Yredelemnul
The Shining One

Shops:
D:3 [

Portals:
Trove: D:11 (give 7 scrolls of blinking)

Annotations:
D:12 Kirke, Sonja


Innate Abilities, Weirdness & Mutations

You are a filthy swine.
You move quickly.
Your equipment is almost entirely melded.
You are incapable of wielding weapons or throwing items.
You cannot cast spells.
((You are amphibious.))
((You cover ground slowly.))
((You can hop short distances.))
You have an extended range of vision and can be seen from far away.


Message History

Aim: a deep elf pyromancer, wielding a +0 long sword (almost dead, haloed, chance to affect: 33%)
Okay, then.
Aiming: Mindburst
Press: ? - help, Shift-Dir - straight line, f/p - deep elf pyromancer
Aim: a deep elf pyromancer, wielding a +0 long sword (almost dead, haloed, chance to affect: 51%)
The deep elf pyromancer resists with significant effort.
The grasping roots constrict the sphinx!
You hear a shout!
The roots release their grip on the sphinx.
The sphinx mumbles some strange words.
Something smites you!
Aiming: Mindburst
Press: ? - help, Shift-Dir - straight line, f/p - deep elf pyromancer
Aim: a deep elf pyromancer, wielding a +0 long sword (almost dead, haloed, chance to affect: 51%)
The deep elf pyromancer resists with significant effort.
The sphinx closely misses you. The sphinx hits you! The sphinx misses you.
A troll comes into view.
The sphinx hits you! The sphinx hits you. x2
* * * LOW HITPOINT WARNING * * *
The deep elf pyromancer casts a spell at you.
The sticky flame hits you.
You are covered in liquid flames!
* * * LOW HITPOINT WARNING * * *
Aiming: Fastroot
Press: ? - help, Shift-Dir - straight line, p - deep elf pyromancer The roots erupt in riotous growth!
Roots grab Kirke.
Roots grab the deep elf pyromancer.
You are covered in liquid flames!
* * * LOW HITPOINT WARNING * * *
The grasping roots constrict Kirke!
The grasping roots constrict the deep elf pyromancer!
You kill the deep elf pyromancer!
The sphinx hits you.
* * * LOW HITPOINT WARNING * * *
The sphinx hits you.
* * * LOW HITPOINT WARNING * * *
The sphinx hits you.
* * * LOW HITPOINT WARNING * * *
Kirke struggles to escape constriction.
The sphinx hits you!
You die...

##..... #..'.....
####..... #.....
###### h. #.
#######.###
#h...)....#
#.H@......# ##
#T).......# #.
#.........# #.
'.........#######.
##.........#.......
#.........รท.#####.
#.........### #.
########### ##


You could see Kirke (invisible, rooted), a sphinx (summoned) and a troll.

Vanquished Creatures
  3 two-headed ogres
  Lodul (D:11)
  A deep elf pyromancer (D:12)
  2 manticores
  A cyclops (D:11)
  Maurice (D:12)
  A gargoyle (D:11)
  A komodo dragon (D:11)
  Maggie (D:8)
  A troll (D:6)
  A hornet (D:9)
  14 yaks
  3 hogs (D:12)
  2 wyverns
  4 steam dragons
  A swamp drake (D:11)
  4 orc warriors
  3 sky beasts
  10 ogres
  6 centaurs
  A kobold brigand (D:7)
  3 necrophages
  3 bullfrogs
  12 wights
  8 killer bees
  2 howler monkeys
  12 orc priests
  4 hounds
  3 jellies
  Jessica (D:2)
  3 iguanas
  5 orc wizards
  11 adders
  A white imp (D:6)
  An ufetubus (D:5)
  2 dart slugs
  35 orcs
  8 ball pythons
  10 bats
  7 endoplasms
  3 giant cockroaches
  5 goblins
  4 hobgoblins
  7 jackals
  13 kobolds
  5 quokkas
  4 frilled lizards (D:1)
  9 rats
  A spectral kobold (D:10)
244 creatures vanquished.

Vanquished Creatures (others)
  An orc (D:11)
1 creature vanquished.

Grand Total: 245 creatures vanquished

Notes
Turn   | Place    | Note
-------+----------+-------------------------------------------
     0 | D:1      | Monkooky the Barachi Wanderer began the quest for the Orb.
     0 | D:1      | Monkooky set off with the following items: a +0 dagger, a
                  | potion of attraction, a +0 leather armour, a +0 pair of
                  | boots; and the following spells available to memorise:
                  | Sandblast, Magic Dart, Passwall, Stone Arrow, Dazzling
                  | Flash.
     0 | D:1      | Reached XP level 1. HP: 15/15 MP: 3/3
     2 | D:1      | Learned a level 1 spell: Sandblast
   123 | D:1      | Reached XP level 2. HP: 18/21 MP: 5/5
  1086 | D:1      | Reached XP level 3. HP: 26/26 MP: 2/6
  1256 | D:1      | Found a faded altar of an unknown god.
  1317 | D:1      | Prayed at the altar of an unknown god.
  1317 | D:1      | Became a worshipper of the Shining One
  1317 | D:1      | Reached * piety under the Shining One
  2025 | D:2      | Learned a level 3 spell: Ignite Poison
  2132 | D:2      | Noticed Jessica
  2134 | D:2      | Killed Jessica
  2135 | D:2      | Reached XP level 4. HP: 8/32 MP: 4/7
  2426 | D:2      | Reached skill level 1 in Fire Magic
  2428 | D:2      | Reached skill level 1 in Transmutations
  2428 | D:2      | Reached skill level 1 in Poison Magic
  2434 | D:2      | Learned a level 3 spell: Mephitic Cloud
  2801 | D:3      | Reached XP level 5. HP: 36/37 MP: 3/9
  3417 | D:3      | Found Pienipp's Antique Armour Shop.
  3417 | D:3      | Reached ** piety under the Shining One
  3471 | D:3      | Reached skill level 1 in Air Magic
  4092 | D:4      | Reached XP level 6. HP: 32/43 MP: 1/10
  4169 | D:3      | Learned a level 3 spell: Stone Arrow
  4368 | D:4      | Found a sparkling altar of Nemelex Xobeh.
  4462 | D:4      | Identified the +8 long sword of Osuate {vorpal, *Rage rPois
                  | SInv Stlth+}
  4702 | D:5      | Entered Level 5 of the Dungeon
  4859 | D:5      | Found a bloodstained altar of Trog.
  4897 | D:5      | Reached XP level 7. HP: 48/48 MP: 8/11
  4970 | D:5      | Found an iron altar of Okawaru.
  5100 | D:3      | Bought a dazzling helmet for 304 gold pieces
  5100 | D:3      | Identified the +0 helmet of the Unbroken {Dex+3} (You
                  | bought it in a shop on level 3 of the Dungeon)
  5748 | D:6      | Noticed a troll
  5839 | D:6      | Killed a troll
  5840 | D:6      | Reached XP level 8. HP: 54/54 MP: 0/12
  5929 | D:6      | Identified the +5 leather armour of Wicked Contentment {rC+
                  | Dex+3}
  5946 | D:6      | Reached skill level 5 in Poison Magic
  6054 | D:6      | Learned a level 2 spell: Passwall
  6202 | D:6      | Found a staircase to the Ecumenical Temple.
  6228 | D:6      | Reached skill level 1 in Long Blades
  6231 | D:6      | Reached skill level 2 in Long Blades
  6281 | D:6      | Reached *** piety under the Shining One
  6282 | D:6      | Reached skill level 3 in Long Blades
  6464 | D:6      | Reached skill level 4 in Long Blades
  6542 | D:6      | Reached skill level 5 in Long Blades
  6549 | D:6      | Reached XP level 9. HP: 59/59 MP: 2/13
  6682 | D:6      | Found a glowing golden altar of the Shining One.
  6683 | D:6      | Noticed an angel
  6689 | D:6      | Found a basalt altar of Yredelemnul.
  6706 | D:6      | Noticed a profane servitor
  6936 | D:7      | Reached skill level 6 in Long Blades
  7080 | D:7      | Reached skill level 7 in Long Blades
  7219 | D:7      | Reached skill level 8 in Long Blades
  7517 | D:7      | Noticed a +0 dagger
  7519 | D:7      | Noticed a +0 falchion
  7520 | D:7      | Noticed a +0 falchion
  7520 | D:7      | Noticed a +0 short sword
  7527 | D:7      | Found a hide-covered altar of Uskayaw.
  7527 | D:7      | Noticed a +0 dagger
  7527 | D:7      | Noticed a +0 spear
  7528 | D:7      | Noticed a +0 spear
  7528 | D:7      | Noticed a +0 short sword
  7610 | D:7      | Found a shadowy altar of Dithmenos.
  7640 | D:7      | Reached skill level 9 in Long Blades
  8251 | D:8      | Reached **** piety under the Shining One
  8316 | D:8      | Found a shimmering altar of Xom.
  8351 | D:8      | Noticed Maggie
  8363 | D:8      | Killed Maggie
  8364 | D:8      | Reached skill level 10 in Long Blades
  8364 | D:8      | You fall into a shaft and drop 3 floors!
  8447 | D:11     | Noticed a manticore
  8455 | D:11     | Noticed a two-headed ogre
  8467 | D:11     | Killed a manticore
  8467 | D:11     | Noticed a komodo dragon
  8468 | D:11     | Reached skill level 11 in Long Blades
  8502 | D:11     | Killed a two-headed ogre
  8503 | D:11     | Reached skill level 12 in Long Blades
  8503 | D:11     | Reached XP level 10. HP: 48/65 MP: 1/14
  8769 | D:10     | Entered Level 10 of the Dungeon
  8801 | D:9      | Found a blossoming altar of Fedhas.
  8801 | D:9      | Found a radiant altar of Vehumet.
  8852 | D:9      | Reached skill level 1 in Armour
  9079 | D:8      | Found an opulent altar of Gozag.
  9207 | D:8      | Found a shimmering blue altar of Sif Muna.
  9660 | D:9      | Reached skill level 1 in Invocations
 10016 | D:9      | Found a burning altar of Makhleb.
 10206 | D:9      | Found a broken altar of Ashenzari.
 10339 | D:9      | Found a staircase to the Lair.
 10373 | D:9      | Noticed a two-headed ogre
 10381 | D:9      | Killed a two-headed ogre
 10598 | D:3      | Bought a polished kite shield for 304 gold pieces
 10598 | D:3      | Identified the +0 kite shield of Unambiguity {*Corrode rN+
                  | Dex+2 Stlth+} (You bought it in a shop on level 3 of the
                  | Dungeon)
 10742 | D:9      | Paralysed by a hornet for 1 turns
 10804 | D:9      | Reached skill level 5 in Invocations
 11277 | D:10     | Reached XP level 11. HP: 75/75 MP: 15/15
 11539 | D:10     | Noticed a two-headed ogre
 11543 | D:10     | Killed a two-headed ogre
 11855 | D:10     | Found a stormy altar of Qazlal.
 11987 | D:10     | Found a hazy altar of Hepliaklqana.
 12568 | D:11     | Noticed Lodul
 12608 | D:11     | Reached ***** piety under the Shining One
 12618 | D:11     | Reached skill level 1 in Hexes
 12620 | D:11     | Killed Lodul
 12654 | D:11     | Noticed a cyclops
 12666 | D:11     | Killed a cyclops
 12856 | D:3      | Bought a polished buckler for 304 gold pieces
 12856 | D:3      | Identified the +2 buckler of Honour {Str+7} (You bought it
                  | in a shop on level 3 of the Dungeon)
 13088 | D:11     | Found a portal to a secret trove of treasure.
 13466 | D:11     | Found a staircase to the Orcish Mines.
 13762 | D:12     | Noticed a manticore
 13777 | D:12     | Killed a manticore
 13787 | D:12     | Noticed Maurice
 13833 | D:12     | Killed Maurice
 13834 | D:12     | Reached skill level 5 in Spellcasting
 13915 | D:12     | Noticed a two-headed ogre
 13915 | D:12     | Noticed a boulder beetle
 13917 | D:12     | Noticed Sonja
 13920 | D:12     | Noticed Kirke
 13920 | D:12     | Noticed a deep elf pyromancer
 13922 | D:12     | Noticed a sphinx
 13928 | D:12     | Killed a deep elf pyromancer
 13928 | D:12     | HP: 1/75 [sphinx[Kirke] (3)]
 13928 | D:12     | Mangled by a sphinx

Illustrated notes

Levels and vault maps discovered:
D:1:      ncdulo_lavacross, layout_basic, serial_rivers,
          chequers_serial_rivers_micro_a, chequers_serial_rivers_micro_b,
          chequers_serial_rivers_large_a, chequers_serial_rivers_small_b,
          chequers_serial_rivers_small_b, ebering_ecumenical_altar_box,
          grunt_decor_fettered, chequers_serial_rivers_micro_c
D:2:      layout_basic, uniq_jessica
D:3:      layout_basic, serial_shops, nicolae_shop_advertising_works
          [nicolae_subvault_shop_adworks], grunt_ministairs_2,
          minmay_door_square, minmay_diced_spiral
D:4:      layout_cave_pools, lemuel_crystal_altar
D:5:      layout_loops_ring, okawaru_gym_becter, mainiacjoe_overflow_alcove_2
D:6:      layout_rooms, grunt_temple_overflow_holy_war, minmay_temple_entry_mist
D:7:      layout_cave_pods, mainiacjoe_overflow_24_doors,
          nicolae_uskayaw_en_pointe, minivault_4
D:8:      layout_rooms, mainiacjoe_overflow_catwalk, grunt_gozag_breadcrumbs,
          general_overflow_altar, uniq_maggie
D:9:      layout_stronghold, ashenzari_conservatory_becter,
          overflow_temple_1_default, gammafunk_temple_overflow_elements,
          lair_entry_dummy
D:10:     layout_loops_ring, nicolae_hepliaklqana_monster_ancestors,
          amcnicky_altar_gilded
D:11:     layout_basic, erik_orc_1, enter_trove_6, uniq_lodul
D:12:     layout_roguey, bloody_makhleb, uniq_sonja, uniq_kirke, uniq_maurice

Skill      XL: |  1  2  3  4  5  6  7  8  9 10 11 |
---------------+----------------------------------+-----
Earth Magic    | 4 |  4.4
Fire Magic     | 1 |  1.4
Transmutations | 1 4 |  4.6
Poison Magic   | 1 2 3 4 5 |  5.0
Air Magic      | 1 3 4 |  4.6
Conjurations   | 2 3 4 |  4.9
Long Blades    | 5 12 | 12.5
Armour         | 2 |  2.8
Fighting       | 3 |  3.2
Dodging        | 2 |  2.9
Invocations    | 5 8 |  8.4
Spellcasting   | 5 |  5.2
Hexes          | 4 |  4.7
Throwing       | |  1.0
Evocations     | |  1.1

Action                   |  1- 3 |  4- 6 |  7- 9 | 10-12 || total
-------------------------+-------+-------+-------+-------++-------
Melee: Dagger            |    53 |     6 |       |       ||    59
       Spear             |       |    15 |       |       ||    15
       Punch             |       |     1 |       |     1 ||     2
       Long sword        |       |     8 |    77 |   151 ||   236
       Flail             |       |     7 |       |       ||     7
Throw: Dart              |       |     2 |       |       ||     2
 Cast: Sandblast         |    38 |    81 |     1 |       ||   120
       Stone Arrow       |       |       |    29 |    47 ||    76
       Mephitic Cloud    |       |       |    21 |    18 ||    39
       Ignite Poison     |       |       |     6 |     7 ||    13
 Abil: Hop               |     2 |     4 |     4 |     3 ||    13
Evoke: Wand              |       |       |       |     7 ||     7
  Use: Scroll            |       |     3 |     7 |     3 ||    13
       Potion            |       |       |       |     1 ||     1
Armor: Leather armour    |    45 |    22 |    27 |    35 ||   129
Dodge: Dodged            |    76 |    59 |    43 |    85 ||   263
Block: Buckler           |       |       |       |     9 ||     9

Table legend: (Time is in decaauts)
 A = Elapsed time spent in this place.
 B = Non-inter-level travel time spent in this place.
 C = Inter-level travel time spent in this place.
 D = Time resting spent in this place.
 E = Time spent auto-exploring this place.
 F = Levels seen in this place.
 G = Mean time per level.
                   A        B        C        D        E       F      G
               +--------+--------+--------+--------+--------+-----+--------+
         Total |  15816 |  14393 |   1423 |   2469 |   9673 |  12 | 1318.0 |
       Dungeon |  15816 |  14393 |   1423 |   2469 |   9673 |  12 | 1318.0 |
               +--------+--------+--------+--------+--------+-----+--------+

Top non-repeatable levels by time:
     D:1: 2234 daAuts
     D:9: 2180 daAuts
    D:11: 1916 daAuts
     D:7: 1672 daAuts
     D:3: 1446 daAuts
     D:5: 1389 daAuts
     D:6: 1217 daAuts
     D:2: 991 daAuts
    D:10: 935 daAuts
     D:4: 862 daAuts
     D:8: 819 daAuts
    D:12: 151 daAuts
